 Dungeon Crawl Stone Soup version 0.29-a0-676-ga64570c9d2 (console) character file.

Game seed: 8820181659507251177

39 om the Sneak (level 3, -3/21 HPs)
             Began as an Octopode Fire Elementalist on June 24, 2022.
             Was an Initiate of Cheibriados.
             Slain by a gnoll
             ... wielding a +0 club
              (4 damage)
             ... on level 2 of the Dungeon.
             The game lasted 00:06:20 (2008 turns).

om the Sneak (Octopode Fire Elementalist)           Turns: 2008, Time: 00:06:21

Health: -3/21      AC:  1    Str: 10    XL:     3   Next: 47%
Magic:  4/6        EV: 13    Int: 18    God:    Cheibriados [......]
Gold:   51         SH:  0    Dex: 13    Spells: 0/6 levels left

rFire   . . .      SeeInvis .   i - +0 short sword
rCold   . . .      Faith    .   (no shield)
rNeg    . . .      Spirit   .   (helmet restricted)
rPois   .          Reflect  .   (no amulet)
rElec   .          Harm     .   (no ring)
rCorr   .          Rampage  .   (no ring)
Will    .....                   (no ring)
Stlth   +++.......              (no ring)
HPRegen 0.07/turn               (no ring)
MPRegen 0.10/turn               (no ring)
                                (no ring)
                                (no ring)

@: very slow
A: almost no armour, amphibious, 8 rings, camouflage 1, gelatinous body 1,
(nimble swimmer 1), tentacles
a: Renounce Religion


You were on level 2 of the Dungeon.
You worshipped Cheibriados.
Cheibriados was noncommittal.
You visited 1 branch of the dungeon, and saw 3 of its levels.

You collected 51 gold pieces.

Inventory:

Hand Weapons
 i - a +0 short sword (weapon)
Jewellery
 g - a +4 ring of protection
Scrolls
 b - a scroll of identify {unknown}
 d - a scroll of noise {unknown}
 e - a scroll of fog {unknown}
 f - a scroll of poison {unknown}
 j - a scroll of teleportation {unknown}
 k - 2 scrolls of magic mapping {unknown}
Potions
 a - a potion of magic
 c - 2 potions of mutation {unknown}
 h - a potion of attraction {unknown}
 l - a potion of flight {unknown}


   Skills:
 - Level 2.0 Dodging
 + Level 3.4 Stealth
 + Level 2.4 Spellcasting
 + Level 1.8 Conjurations
 + Level 3.4 Fire Magic


You couldn't memorise any spells.
You knew the following spells:

 Your Spells              Type           Power      Damage    Failure   Level
a - Foxfire               Conj/Fire      44%        2x1d6     6%          1
b - Scorch                Fire           28%        2d6       6%          2
c - Conjure Flame         Conj/Fire      11%        6-21      19%         3

Your spell library contained the following spells:

 Spells                   Type           Power      Damage    Failure   Level
 Inner Flame              Hex/Fire       8%         N/A       26%         3
 Ignite Poison            Fire/Tmut/Pois 6%         N/A       32%         3
 Mephitic Cloud           Conj/Pois/Air  4%         N/A       38%         3
 Flame Wave               Conj/Fire      11%        2d5       52%         4
 Freezing Cloud           Conj/Ice/Air   2%         6-21      98%         5
 Malign Gateway           Summ/Tloc      1%         N/A       100%        7
 Summon Horrible Things   Summ           1%         N/A       100%        8


Dungeon Overview and Level Annotations

Branches:
Dungeon (3/15)

Altars:
Cheibriados

Annotations:
D:2 Jessica, Sigmund


Innate Abilities, Weirdness & Mutations

You cannot wear most types of armour.
You are amphibious.
You can wear up to eight rings at the same time.
Your skin changes colour to match your surroundings (Stealth+).
Your rubbery body absorbs attacks. (AC +1, EV +1)
((You are camouflaged when in or above water. (Stealth+)))
You have tentacles for arms and can constrict up to eight enemies at once.


Message History

Cheibriados begins to support your attributes as your movement slows.
Cheibriados is now slowing the effects of poison on you.
Magic restored.
You now have 51 gold pieces (gained 13).
A jackal comes into view.
A gnoll and a jackal come into view.
You conjure some foxfire!
The gnoll shouts!
You hear a bark!
The jackal barks! x2
You conjure some foxfire!
The foxfire hits the jackal.
The jackal is severely wounded.
The foxfire hits the jackal but does no damage.
The jackal is severely wounded.
You conjure some foxfire!
The foxfire hits the jackal.
You kill the jackal!
Cheibriados thoroughly appreciates the change of pace.
The foxfire hits the jackal.
The jackal is heavily wounded.
The foxfire hits the jackal.
You kill the jackal!
Cheibriados appreciates the change of pace.
The foxfire hits the gnoll but does no damage.
A jackal comes into view.
A gnoll comes into view. It is wielding a +0 club. x2
The gnoll barely misses you. The gnoll hits you with a +0 club.
The gnoll attacks as you move away! The gnoll hits you with a +0 club!
The gnoll closely misses you. The gnoll attacks as you move away!
The gnoll misses you. The jackal attacks as you move away!
The jackal barely misses you.
The jackal bites you but does no damage.
There is a stone staircase leading up here.
The gnoll hits you with a +0 club!
* * * LOW HITPOINT WARNING * * *
The jackal closely misses you.
You climb upwards.
Level annotation: Jessica, Sigmund
There is a stone staircase leading down here.
You closely miss the gnoll. You grab the gnoll. You constrict the gnoll.
The jackal bites you but does no damage.
The gnoll hits you with a +0 club.
You die...

## #. ###. #...
#.#. #.#. ###.#.
#...#.
#############.#...
#@h..............)
#g#######.........
#...#####.##.##.#.
#.#.#...#.......<.
#.#.#.#.###.....#.
#.#.........#.#...
#.###.)####.#.....
#.###..# #######.
#......# #.......
#..###.####.#####.
#..# #.##.........


You could see a gnoll and a jackal.

Vanquished Creatures
  2 dart slugs (D:1)
  A worm (D:3)
  A ball python (D:1)
  4 endoplasms (D:1)
  2 giant cockroaches (D:1)
  5 goblins
  3 hobgoblins
  2 jackals (D:3)
  A quokka (D:1)
  3 bats
  3 kobolds (D:1)
  2 rats (D:1)
29 creatures vanquished.

Vanquished Creatures (others)
  82 foxfires
82 creatures vanquished.

Grand Total: 111 creatures vanquished

Notes
Turn   | Place    | Note
-------+----------+-------------------------------------------
     0 | D:1      | om the Octopode Fire Elementalist began the quest for the
                  | Orb.
     0 | D:1      | Reached XP level 1. HP: 11/11 MP: 3/3
   443 | D:1      | Reached XP level 2. HP: 17/17 MP: 3/5
  1192 | D:1      | Reached XP level 3. HP: 21/21 MP: 2/6
  1306 | D:1      | Learned a level 2 spell: Scorch
  1690 | D:2      | Noticed Sigmund
  1724 | D:2      | Noticed Jessica
  1901 | D:2      | Learned a level 3 spell: Conjure Flame
  1933 | D:3      | Found a snail-covered altar of Cheibriados.
  1948 | D:3      | Became a worshipper of Cheibriados the Contemplative
  2006 | D:3      | HP: 1/21 [gnoll/+0 club (7)]
  2008 | D:2      | Slain by a gnoll

Illustrated notes

Levels and vault maps discovered:
D:1:      dpeg_arrival_rhombi, layout_basic, minmay_bisected
D:2:      layout_basic, due_unseen_surprise, uniq_robin, uniq_jessica,
          uniq_sigmund
D:3:      layout_basic, slow_altar_1, hellmonk_ecumenical_altar_inner_sanctum,
          chequers_mini_garden

Skill      XL: |  1 |
---------------+----+-----
Stealth        | 3 |  3.4
Dodging        | |  2.0
Spellcasting   | |  2.4
Conjurations   | |  1.8
Fire Magic     | |  3.4

Action                   || total
-------------------------++-------
Melee: Unarmed           ||     5
       Constrict         ||     3
       Short sword       ||     1
       Punch             ||     1
       Tentacles         ||     1
 Cast: Foxfire           ||    49
Armor: Skin              ||     2
Dodge: Dodged            ||     8

Table legend: (Time is in decaauts)
 A = Elapsed time spent in this place.
 B = Non-inter-level travel time spent in this place.
 C = Inter-level travel time spent in this place.
 D = Time resting spent in this place.
 E = Time spent auto-exploring this place.
 F = Levels seen in this place.
 G = Mean time per level.
                   A        B        C        D        E       F      G
               +--------+--------+--------+--------+--------+-----+--------+
         Total |   2015 |   1972 |     43 |    628 |   1003 |   3 |  671.7 |
       Dungeon |   2015 |   1972 |     43 |    628 |   1003 |   3 |  671.7 |
               +--------+--------+--------+--------+--------+-----+--------+

Top non-repeatable levels by time:
     D:1: 1588 daAuts
     D:2: 345 daAuts
     D:3: 81 daAuts
